Map: Terraform LE (Void)

Players

wabbajack - Winner!

  • Race: Zerg Zerg
  • League: Grandmaster

solmnyr

  • Race: Zerg Zerg
  • League: Grandmaster

VOD

Have the link to the VOD?

Description

Time

  • Played on: July 14, 2015, 3:26 p.m.
  • Length: 11:37
Show
View Real Time Build Order
Export as new Build Order

wabbajack Zerg - Winner!

Build Orders: Pool First, Zergling Baneling 

Get SALT Encoding   

  12  0:01  Drone  
  13  0:08  Extractor  
  13  0:12  Drone  
  13  0:17  Drone  
  14  0:34  Spawning Pool  
  13  0:44  Overlord  
  13  0:48  Drone  
  14  0:52  Extractor  
  14  0:55  Drone  
  15  1:07  Drone  
  15  1:08  Drone  
  17  1:21  Queen  
  17  1:25  Metabolic Boost  
  19  1:34  Overlord  
  19  1:40  Drone  
  19  1:42  Drone  
  21  1:49  Drone  
  22  1:55  Baneling Nest  
  21  2:07  Drone  
  22  2:18  Zergling x2  
  23  2:27  Hatchery  
  22  2:33  Zergling x6  
  22  2:35  Zergling x2  
  26  2:38  Zergling x2  
  27  3:05  Queen  
  27  3:07  Overlord  
  29  3:19  Baneling x6  
  29  3:20  Baneling x2  
  29  3:26  Zergling x2  
  33  3:27  Zergling x8  
  34  3:54  Roach Warren  
  33  3:56  Drone  
  33  3:57  Drone x5  
  28  4:20  Zergling x14  
  35  4:29  Overlord  
  35  4:45  Drone x3  
  38  4:47  Overlord  
  38  4:52  Roach  
  40  4:53  Roach x3  
  46  5:02  Queen  
  38  5:27  Roach x5  
  48  5:33  Roach x4  
  56  5:42  Overlord  
  56  6:03  Zergling x2  
  56  6:04  Zergling x18  
  66  6:07  Overlord  
  66  6:11  Spine Crawler  
  66  6:17  Spine Crawler  
  64  6:19  Overlord  
  64  6:34  Zergling x2  
  64  6:35  Zergling x12  
  57  6:55  Zergling x8  
  57  6:56  Zergling x8  
  41  7:31  Roach  
  41  7:32  Roach x9  
  54  8:01  Ravager  
  54  8:03  Zergling x2  
  54  8:04  Zergling x22  
  63  8:27  Drone  
  63  8:28  Drone x4  
  61  8:54  Zergling x8  
  51  9:00  Roach  
  51  9:01  Roach x3  
  52  9:45  Hatchery  
  48  10:15  Roach x7  
  50  10:39  Lair  
  50  10:53  Drone  
  50  10:54  Drone x2  
Show
View Real Time Build Order
Export as new Build Order

solmnyr Zerg 

Build Orders: Pool First 

Get SALT Encoding   

  12  0:01  Drone  
  13  0:09  Drone  
  14  0:17  Overlord  
  14  0:35  Drone x3  
  17  0:48  Spawning Pool  
  16  0:50  Drone  
  17  1:00  Extractor  
  17  1:01  Drone  
  17  1:19  Hatchery  
  17  1:25  Drone x2  
  18  1:38  Queen  
  20  1:44  Overlord  
  20  1:46  Zergling x2  
  21  2:15  Metabolic Boost  
  21  2:18  Zergling x6  
  24  2:31  Queen  
  24  2:32  Drone  
  24  2:34  Drone  
  28  2:50  Zergling x4  
  29  3:11  Spine Crawler  
  28  3:22  Roach Warren, Zergling x8  
  28  3:23  Zergling x8  
  35  3:55  Overlord x2  
  35  3:56  Drone  
  25  4:14  Zergling x14  
  25  4:15  Zergling x2  
  30  4:18  Queen  
  30  4:20  Drone x2  
  34  4:50  Drone  
  34  4:51  Drone x6  
  37  5:18  Roach x4  
  40  5:35  Roach x5  
  50  5:36  Roach  
  50  5:37  Overlord  
  54  5:57  Roach x4  
  54  5:58  Overlord  
  60  6:06  Lair, Extractor  
  60  6:07  Overlord  
  60  6:08  Drone  
  60  6:28  Roach x3  
  60  6:29  Roach x5  
  70  6:56  Roach x4  
  70  6:57  Roach  
  64  7:22  Hydralisk Den  
  51  7:45  Roach  
  51  7:46  Roach x3, Zergling x14  
  51  7:47  Zergling x6  
  61  8:24  Hydralisk x2, Roach x3  
  61  8:25  Hydralisk  
  73  8:31  Overseer  
  67  8:55  Roach x4  
  57  8:56  Roach x2  
  57  9:00  Queen  
  57  9:01  Queen  
  14  9:48  Roach x8  
  14  9:49  Zergling x8  
  29  10:14  Zergling x12  
Tags
 
Add a new tag
Caveats
  • Supply blocks, unpowered buildings, or Contaminate may cause inaccurate times.
  • Supply counts are checked every 10 seconds.